 Dungeon Crawl Stone Soup version 0.28-a0-1202-g1e6f1b2279 (webtiles) character file.

Game seed: 4298569836511242315

3239 ChaosChampion the Martial Artist (level 9, 0/74 HPs)
             Began as a Grey Draconian Transmuter on Dec 20, 2021.
             Was a Priest of Okawaru.
             Slain by Stonecrops's ghost (20 damage)
             ... on level 7 of the Dungeon.
             The game lasted 00:14:24 (9861 turns).

ChaosChampion the Martial Artist (DrTm)             Turns: 9861, Time: 00:14:24

Health: 0/74       AC:  2    Str:  9 (10) XL:     9   Next: 67%
Magic:  11/15      EV: 21    Int: 21 (23) God:    Okawaru [***...]
Gold:   322        SH:  0    Dex: 16 (18) Spells: 8/16 levels left

rFire   . . .      SeeInvis .     - Unarmed
rCold   . . .      Faith    .   (shield currently unavailable)
rNeg    . . .      Spirit   .   (armour unavailable)
rPois   x          Reflect  .   (helmet currently unavailable)
rElec   .          Harm     .   (cloak currently unavailable)
rCorr   .          Rampage  .   (gloves currently unavailable)
Will    .....      Clarity  +   (boots currently unavailable)
Stlth   +.........              (no amulet)
HPRegen 0.22/turn               i - +6 ring of intelligence
MPRegen 0.14/turn               (no ring)

@: spider-form, wereblooded
A: venomous fangs, AC +12, (amphibious), tiny, unfitting armour, (cold-blooded),
(hooves 1), clarity, deterioration 1, weak 1
a: End Transformation, Renounce Religion, Heroism


You were on level 7 of the Dungeon.
You worshipped Okawaru.
Okawaru was most pleased with you.
You were a venomous arachnid creature.
You visited 2 branches of the dungeon, and saw 8 of its levels.

You collected 443 gold pieces.
You spent 121 gold pieces at shops.

Inventory:

Armour
 p - a +0 pair of gloves (melded)
 q - a +0 pair of boots
Jewellery
 i - a +6 ring of intelligence (left front leg)
 w - a ring of positive energy
Wands
 j - a wand of flame (49) (quivered)
 t - a wand of iceblast (13)
 v - a wand of paralysis (14)
Scrolls
 b - 14 scrolls of identify {unknown}
 f - a scroll of enchant armour {unknown}
 h - 2 scrolls of magic mapping
 k - 4 scrolls of teleportation {unknown}
 l - a scroll of acquirement {unknown}
 o - 3 scrolls of amnesia {unknown}
 s - 2 scrolls of fog {unknown}
 u - a scroll of enchant weapon {unknown}
 y - a scroll of summoning {unknown}
Potions
 a - 2 potions of curing
 d - 2 potions of invisibility {unknown}
 e - a potion of ambrosia {unknown}
 g - 3 potions of brilliance {unknown}
 m - a potion of magic {unknown}
 n - a potion of might {unknown}
 r - a potion of cancellation {unknown}
 x - a potion of berserk rage {unknown}


   Skills:
 + Level 5.1 Fighting
 + Level 4.5 Dodging
 * Level 9.4 Unarmed Combat
 - Level 4.0 Spellcasting
 - Level 5.8 Transmutations
 - Level 3.0 Poison Magic
 - Level 3.0 Invocations


You had 8 spell levels left.
You knew the following spells:

 Your Spells              Type           Power      Damage    Failure   Level
a - Beastly Appendage     Tmut           56%        N/A       5%          1
b - Wereblood             Tmut           28%        N/A       7%          2
c - Spider Form           Tmut/Pois      22%        N/A       17%         3
d - Passwall              Tmut/Erth      13%        N/A       16%         2

Your spell library contained the following spells:

 Spells                   Type           Power      Damage    Failure   Level
 Apportation              Tloc           8%         N/A       28%         1
 Magic Dart               Conj           16%        1d3       28%         1
 Sandblast                Erth           8%         2d5       28%         1
 Ensorcelled Hibernation  Hex/Ice        8%         N/A       38%         2
 Searing Ray              Conj           8%         2d4       38%         2
 Gell's Gravitas          Tloc           4%         N/A       56%         3
 Lesser Beckoning         Tloc           4%         N/A       56%         3
 Portal Projectile        Hex/Tloc       8%         N/A       56%         3
 Stone Arrow              Conj/Erth      8%         3d7       56%         3
 Teleport Other           Tloc           4%         N/A       56%         3
 Ice Form                 Ice/Tmut       16%        N/A       58%         4
 Fulminant Prism          Conj/Hex       2%         3d6       89%         4
 Leda's Liquefaction      Hex/Erth       2%         N/A       89%         4
 Animate Skeleton         Necr           Unusable   N/A       N/A         1
 Summon Small Mammal      Summ           Unusable   N/A       N/A         1
 Call Canine Familiar     Summ           Unusable   N/A       N/A         3
 Summon Ice Beast         Ice/Summ       Unusable   N/A       N/A         4
 Summon Mana Viper        Hex/Summ       Unusable   N/A       N/A         5
 Monstrous Menagerie      Summ           Unusable   N/A       N/A         7

Dungeon Overview and Level Annotations

Branches:
Dungeon (7/15)             Temple (1/1) D:4

Altars:
Ashenzari
Cheibriados
Dithmenos
Elyvilon
Gozag
Hepliaklqana
Kikubaaqudgha
Makhleb
Nemelex Xobeh
Okawaru
Sif Muna
Trog
Vehumet
Wu Jian
Xom
Zin
The Shining One
Beogh

Shops:
D:3 [   D:5 !

Annotations:
D:7 Stonecrops's ghost, novice DsGl


Innate Abilities, Weirdness & Mutations

You are a venomous arachnid creature.
You have poisonous fangs.
You are tiny and dextrous.
Your spellcasting is less reliable in this form.
Your armour is entirely melded.
You are incapable of wielding weapons or throwing items.
((Your dull iron-grey scales are very hard. (AC +12)))
((You are amphibious.))
You cannot fit into any form of body armour.
((You are cold-blooded and may be slowed by cold attacks.))
((You have large cloven feet.))
You possess an exceptional clarity of mind.
Your body sometimes deteriorates upon taking damage.
You are weak. (Str -2)


Message History

* * * LOW HITPOINT WARNING * * *
Your body deteriorates!
You feel dopey. The orc hits you but does no damage.
You barely miss the orc.
Stonecrops's ghost hits you but does no damage.
Casting: Wereblood (safe; 1% risk of failure)
Confirm with . or Enter, or press ? or * to list all spells.
You grow a pair of large bovine horns.
Your feet morph into talons.
You howl as the wereblood boils in your veins!
The orc hits you with a +0 mace.
* * * LOW HITPOINT WARNING * * *
Stonecrops's ghost hits you.
* * * LOW HITPOINT WARNING * * *
You feel much better. The orc hits you but does no damage.
Stonecrops's ghost hits you.
You hit the orc. You punch the orc, but do no damage.
The orc is lightly wounded.
The orc misses you.
You hit the orc but do no damage.
The orc is lightly wounded.
Stonecrops's ghost closely misses you. The orc misses you.
You closely miss the orc.
The orc is lightly wounded.
Stonecrops's ghost hits you!
* * * LOW HITPOINT WARNING * * *
The orc hits you with a +0 mace.
* * * LOW HITPOINT WARNING * * *
Casting: Beastly Appendage (safe; 1% risk of failure)
Confirm with . or Enter, or press ? or * to list all spells.
Your horns disappear.
Your talons disappear.
You turn into a venomous arachnid creature.
Your +0 pair of gloves melds into your body.
Stonecrops's ghost misses you. The orc barely misses you.
You hit the orc but do no damage.
The orc is poisoned.
The orc is lightly wounded.
Stonecrops's ghost barely misses you. The orc completely misses you.
You hit the orc but do no damage.
The orc looks as sick as possible!
The orc is lightly wounded.
Stonecrops's ghost hits you!!
You die...

# # ### ####..
*#######8.#.W
*8.....#..o.o
*..##..#....# ####
*..8#..#....#
#s)##*..##..#....#
#Wo.##)...#.#....#
#....#[...#$'.[#..
##...#_.8.#.'....#
##....#....#.'.....
#.....#....#.#..##.
#.....#..##..#.)#..
#.....#..8#..#).##.
###...#..##.=#.....


You could see Stonecrops's ghost and an orc (extremely poisoned).

Vanquished Creatures
  A wyvern (D:7)
  A steam dragon (D:7)
  2 ice beasts
  A sky beast (D:6)
  4 orc warriors
  3 black bears
  2 necrophages
  2 centaurs (D:7)
  3 ogres
  3 phantoms
  A kobold brigand (D:6)
  A wyvern zombie (D:5)
  2 bullfrogs
  3 scorpions
  A howler monkey (D:7)
  A jelly (D:6)
  2 bullfrog zombies
  4 hounds
  A gnoll shaman (D:7)
  5 orc priests
  3 iguanas
  2 orc wizards
  A killer bee zombie (D:6)
  A howler monkey zombie (D:4)
  A howler monkey skeleton (D:5)
  7 gnolls
  4 adders
  An ufetubus (D:5)
  A worm (D:2)
  7 dart slugs
  19 orcs
  4 bats
  6 endoplasms
  5 goblins
  5 hobgoblins
  2 quokkas
  2 ball pythons
  10 kobolds
  23 rats
147 creatures vanquished.

Notes
Turn   | Place    | Note
-------+----------+-------------------------------------------
     0 | D:1      | ChaosChampion the Draconian Transmuter began the quest for
                  | the Orb.
     0 | D:1      | Reached XP level 1. HP: 16/16 MP: 3/3
   378 | D:1      | Reached XP level 2. HP: 23/23 MP: 5/5
   381 | D:1      | Learned a level 2 spell: Wereblood
  1012 | D:2      | Found a faded altar of an unknown god.
  1239 | D:2      | Reached XP level 3. HP: 26/28 MP: 6/6
  1560 | D:2      | Reached skill level 4 in Unarmed Combat
  1842 | D:3      | Noticed an ogre
  2015 | D:2      | Learned a level 3 spell: Spider Form
  2081 | D:3      | Found Gacitie's Armour Boutique.
  2326 | D:3      | Reached skill level 1 in Poison Magic
  2428 | D:3      | Found a glowing golden altar of the Shining One.
  2519 | D:3      | Killed an ogre
  2520 | D:3      | Reached XP level 4. HP: 35/35 MP: 3/7
  2520 | D:3      | Reached XP level 5. HP: 40/40 MP: 3/8
  2759 | D:4      | Noticed a necrophage
  2770 | D:4      | Killed a necrophage
  2856 | D:4      | Found a staircase to the Ecumenical Temple.
  2997 | Temple   | Entered the Ecumenical Temple
  3759 | D:4      | Reached skill level 5 in Unarmed Combat
  3759 | D:4      | Reached XP level 6. HP: 44/47 MP: 5/9
  4131 | D:5      | Entered Level 5 of the Dungeon
  4587 | D:5      | Found a shimmering blue altar of Sif Muna.
  4640 | D:5      | Reached skill level 5 in Transmutations
  4640 | D:5      | Your scales start taking on a dull iron-grey colour.
  4640 | D:5      | Reached XP level 7. HP: 31/52 MP: 6/10
  4766 | D:5      | Found Januukla's Distillery.
  4780 | D:5      | Bought a potion of mutation for 88 gold pieces
  4780 | D:5      | Bought a potion of curing for 33 gold pieces
  4780 | D:5      | Gained mutation: Your body sometimes deteriorates upon
                  | taking damage. [potion of mutation]
  4780 | D:5      | Gained mutation: You are weak. (Str -2) [potion of
                  | mutation]
  4780 | D:5      | Gained mutation: You have large cloven feet. [potion of
                  | mutation]
  4780 | D:5      | Gained mutation: You possess an exceptional clarity of
                  | mind. [potion of mutation]
  4866 | D:5      | Reached skill level 6 in Unarmed Combat
  5334 | D:5      | Found an iron altar of Okawaru.
  5366 | D:5      | Became a worshipper of Warmaster Okawaru
  5499 | D:5      | Reached skill level 1 in Invocations
  5644 | D:5      | Reached XP level 8. HP: 51/60 MP: 5/11
  5650 | D:5      | Reached skill level 7 in Unarmed Combat
  5968 | D:6      | Reached * piety under Okawaru
  6861 | D:6      | Reached skill level 8 in Unarmed Combat
  7080 | D:6      | Reached ** piety under Okawaru
  7081 | D:6      | Reached XP level 9. HP: 70/70 MP: 10/14
  7467 | D:7      | Learned a level 2 spell: Passwall
  7508 | D:7      | HP: 2/71 [wyvern (16)]
  8446 | D:7      | Found an opulent altar of Gozag.
  8536 | D:7      | Reached skill level 9 in Unarmed Combat
  8612 | D:7      | Reached *** piety under Okawaru
  8897 | D:7      | Found an ornate altar of the Wu Jian Council.
  9019 | D:7      | Found a runed translucent gate.
  9019 | D:7      | Found a runed translucent gate.
  9019 | D:7      | Found a runed translucent gate.
  9023 | D:7      | Noticed Stonecrops's ghost (novice DsGl)
  9603 | D:6      | Reached skill level 5 in Fighting
  9861 | D:7      | Slain by Stonecrops's ghost

Illustrated notes

Levels and vault maps discovered:
D:1:      saegor_arrival_simple_d, layout_loops_ring
D:2:      layout_rooms, nicolae_ecumenical_pavilion, minmay_splitting_lines,
          hangedman_feature_mirror
D:3:      kennysheep_big_flooded_room, layout_basic, marbit_many_paths,
          serial_shops, shop, grunt_decor_cap
D:4:      layout_basic, minmay_temple_entry_slanted, minmay_rat_hole
D:5:      layout_cave_pools, led_sif_pool, okawaru_ov_weapons_minmay,
          serial_shops, nicolae_diamond_shop, kennysheep_generic_room_14
D:6:      layout_basic, st_stairs_8, lightli_minifort
D:7:      layout_cave_pools, lemuel_coloured_pillars_altar,
          grunt_gozag_breadcrumbs, biasface_ghost_orc_armoury
Temple:   minmay_temple_bridge_abc

Skill      XL: |  1  2  3  4  5  6  7  8  9 |
---------------+----------------------------+-----
Unarmed Combat | 4 5 6 8 9 |  9.4
Poison Magic   | 2 3 |  3.0
Transmutations | 3 4 5 |  5.8
Dodging        | 2 3 4 |  4.5
Invocations    | 1 3 |  3.0
Fighting       | 3 5 |  5.1
Spellcasting   | 3 4 |  4.0

Action                   |  1- 3 |  4- 6 |  7- 9 || total
-------------------------+-------+-------+-------++-------
Melee: Unarmed           |    93 |   102 |   311 ||   506
       Kick              |    12 |     4 |    23 ||    39
       Tailslap          |    11 |     7 |    12 ||    30
       Headbutt          |    10 |     3 |    12 ||    25
       Punch             |     1 |     2 |     6 ||     9
 Cast: Beastly Appendage |    33 |     6 |    17 ||    56
       Spider Form       |     1 |     7 |    23 ||    31
       Wereblood         |     1 |     5 |    26 ||    32
Invok: Heroism           |       |       |     1 ||     1
Evoke: Wand              |       |       |     4 ||     4
  Use: Potion            |       |       |     6 ||     6
       Scroll            |       |       |     1 ||     1
 Stab: Sleeping          |     1 |       |       ||     1
Armor: Skin              |    24 |    41 |    82 ||   147
Dodge: Dodged            |    65 |    96 |   289 ||   450

Table legend: (Time is in decaauts)
 A = Elapsed time spent in this place.
 B = Non-inter-level travel time spent in this place.
 C = Inter-level travel time spent in this place.
 D = Time resting spent in this place.
 E = Time spent auto-exploring this place.
 F = Levels seen in this place.
 G = Mean time per level.
                   A        B        C        D        E       F      G
               +--------+--------+--------+--------+--------+-----+--------+
         Total |   9810 |   9618 |    192 |   1912 |   6179 |   8 | 1226.2 |
       Dungeon |   9551 |   9359 |    192 |   1912 |   6012 |   7 | 1364.4 |
        Temple |    258 |    258 |      0 |      0 |    167 |   1 |  258.0 |
               +--------+--------+--------+--------+--------+-----+--------+

Top non-repeatable levels by time:
     D:6: 2699 daAuts
     D:4: 1642 daAuts
     D:5: 1336 daAuts
     D:7: 1210 daAuts
     D:1: 1010 daAuts
     D:2: 853 daAuts
     D:3: 800 daAuts
  Temple: 258 daAuts
